 Dungeon Crawl Stone Soup version 0.17-a0-1150-g17b0b87 (webtiles) character file.

99 Lugonue the Firebug (level 4, -2/24 HPs)
             Began as a Tengu Fire Elementalist on May 27, 2015.
             Slain by a crimson imp (4 damage)
             ... on level 3 of the Dungeon.
             The game lasted 00:11:22 (3225 turns).

Lugonue the Firebug (Tengu Fire Elementalist)       Turns: 3225, Time: 00:11:22

Health: -2/24      AC:  2    Str:  8 (10) XL:     4   Next: 72%
Magic:  8/8        EV: 13    Int: 20      God:
Gold:   114        SH:  0    Dex: 14      Spells: 3 memorised, 2 levels left

rFire  . . .     SeeInvis .     k - +0 spear
rCold  . . .     Clarity  .     a - +0 robe
rNeg   . . .     SustAt   .     (no shield)
rPois  .         Gourm    .     (helmet restricted)
rElec  .         Spirit   .     (no cloak)
rCorr  .         Warding  .     (no gloves)
rMut   .         Stasis   .     (boots unavailable)
MR     .....                    (no amulet)
Stlth  ++........               (no ring)
                                (no ring)

@: brilliant, not resistant to hostile enchantments, unstealthy
A: beak, talons 3
a: no special abilities


You were on level 3 of the Dungeon.
You were not hungry.

You visited 1 branch of the dungeon, and saw 3 of its levels.

You collected 114 gold pieces.

Inventory:

Hand weapons
 k - a +0 spear (weapon)
Armour
 a - a +0 robe (worn)
Scrolls
 g - 4 scrolls of identify
Potions
 i - a potion of flight
Books
 b - a book of Flames

   Spells                             Type                      Level
   a - Flame Tongue                   Conjuration/Fire             1
   b - Throw Flame                    Conjuration/Fire             2
   c - Conjure Flame                  Conjuration/Fire             3
   d - Inner Flame                    Hexes/Fire                   3
   e - Sticky Flame                   Conjuration/Fire             4
   f - Fireball                       Conjuration/Fire             5
Comestibles
 c - 2 bread rations


   Skills:
 + Level 0.4 Fighting
 + Level 0.2 Polearms
 * Level 3.4 Dodging
 - Level 2.4 Stealth
 + Level 2.5 Spellcasting
 * Level 2.2 Conjurations
 + Level 4.0 Fire Magic


You had 2 spell levels left.
You knew the following spells:

 Your Spells              Type           Power        Failure   Level  Hunger
a - Flame Tongue          Conj/Fire      ####.        1%          1    None
b - Throw Flame           Conj/Fire      ####..       1%          2    ##.....
c - Conjure Flame         Conj/Fire      ####....     1%          3    ###....


Dungeon Overview and Level Annotations

Branches:
Dungeon (3/15)

Altars:
Fedhas
Makhleb

Annotations:
D:3 Virusyak's ghost, weakling DsFE


Innate Abilities, Weirdness & Mutations

You have a beak for a mouth.
You have claws for feet.


Message History

Casting: Throw Flame
Confirm with . or Enter, or press ? or * to list all spells.
You can't see any susceptible monsters within range! (Use Z to cast anyway.)
Casting: Throw Flame
Confirm with . or Enter, or press ? or * to list all spells.
You can't see any susceptible monsters within range! (Use Z to cast anyway.) Read which item? (? for menu, Esc to quit)
Okay, then.
You barely miss the crimson imp.
You claw the crimson imp, but do no damage.
The crimson imp misses you.
You hit the crimson imp.
The crimson imp is moderately wounded.
The crimson imp closely misses you.
You miss the crimson imp.
You claw the crimson imp, but do no damage.
Your peck misses the crimson imp.
The crimson imp is lightly wounded.
The crimson imp hits you.
You die...

*****',*,* ****####<$.###
,,,,,,,*,* *,...#* ******,*,*
*.###* *,*,* #.* *,*,* *,*
*,*,** *,* ##.#..# ### *,*
***##W..#.# ###.#**,***
,,,.......*###.5@##,,,,*
***#%....###['...8#,,,,********
#....,#...#.._##,,,,,,,,,,,***
#...,*#)#####.#,,,,,******,*,,
#.†#**#.# ###,,,,,* *,,,, #K.#
#.# ***,*** ****,,,, #.5# #.#
*,* *,,,,,,, #..# #.# *,*
*,**,,,, #.(# #.# *,* *,**,,,,


You could see a crimson imp.

Vanquished Creatures
  4 adders
  2 oozes
  4 giant cockroaches
  5 hobgoblins
  4 jackals (D:2)
  A ball python (D:1)
  9 bats
  2 giant newts
  7 goblins
  3 kobolds
  10 rats
51 creatures vanquished.

Notes
Turn   | Place    | Note
--------------------------------------------------------------
     0 | D:1      | Lugonue the Tengu Fire Elementalist began the quest for the Orb.
     0 | D:1      | Reached XP level 1. HP: 10/10 MP: 4/4
   412 | D:1      | Reached XP level 2. HP: 4/15 MP: 4/6
   664 | D:1      | Learned a level 2 spell: Throw Flame
   800 | D:1      | Reached XP level 3. HP: 11/19 MP: 1/7
  1529 | D:2      | Reached XP level 4. HP: 20/24 MP: 5/8
  2554 | D:2      | Reached skill level 4 in Fire Magic
  2799 | D:3      | HP: 1/24 [poisoned by a kobold]
  3118 | D:3      | Learned a level 3 spell: Conjure Flame
  3167 | D:3      | Noticed Virusyak's ghost (weakling DsFE)
  3188 | D:3      | Found a blossoming altar of Fedhas.
  3189 | D:3      | Found a burning altar of Makhleb.
  3215 | D:3      | HP: 1/24 [crimson imp (3)]
  3225 | D:3      | Slain by a crimson imp

Vault maps used:
D:1:      dpeg_arrival_orchard
D:2:      amethyst_killhole
D:3:      overflow_temple_1_default, gammafunk_temple_overflow_statue, hex_tiny,
          minivault_11

Action                   |  1- 3 |  4- 6 || total
-------------------------+-------+-------++-------
Melee: Unarmed           |    20 |       ||    20
       Dagger            |    29 |       ||    29
       Short sword       |     3 |       ||     3
       Spear             |       |    67 ||    67
 Cast: Flame Tongue      |    37 |     6 ||    43
       Throw Flame       |     7 |    14 ||    21
  Use: Scroll            |     5 |     4 ||     9
       Potion            |       |     5 ||     5
 Stab: Sleeping          |     3 |     1 ||     4
  Eat: Fruit             |     2 |       ||     2
       Bread ration      |     1 |     1 ||     2
       Chunk             |       |     1 ||     1
